 Dungeon Crawl Stone Soup version 0.27-a0-1438-g9b7c6745da (webtiles) character file.

Game seed: 8296874608071177375

121 Delamore the Twirler (level 5, -4/43 HPs)
             Began as a Formicid Fighter on July 4, 2021.
             Killed by divine providence
             ... invoked by an orc priest
              (15 damage)
             ... on level 3 of the Dungeon.
             The game lasted 00:01:40 (2511 turns).

Delamore the Twirler (Formicid Fighter)             Turns: 2511, Time: 00:01:40

Health: -4/43      AC:  8    Str: 21    XL:     5   Next: 26%
Magic:  5/5        EV: 12    Int:  8    God:
Gold:   91         SH:  9    Dex: 10    Spells: 4/4 levels left

rFire    . . .     SeeInvis +   a - +0 quarterstaff
rCold    . . .     Faith    .   c - +0 kite shield
rNeg     . . .     Spirit   .   b - +0 scale mail
rPois    .         Reflect  .   (helmet unavailable)
rElec    .         Harm     .   (no cloak)
rCorr    .         Rampage  .   (no gloves)
Will     .....                  k - +0 pair of boots
Stlth    ..........             (no amulet)
HPRegen  0.14/turn              e - +4 ring of evasion
MPRegen  0.09/turn              (no ring)

@: no status effects
A: permanent stasis, dig shafts and tunnels, antennae 3, four strong arms
a: Dig, Shaft Self


You were on level 3 of the Dungeon.
You visited 1 branch of the dungeon, and saw 3 of its levels.

You collected 91 gold pieces.

Inventory:

Hand Weapons
 a - a +0 quarterstaff (weapon)
Missiles
 f - 8 atropa-tipped darts
Armour
 b - a +0 scale mail (worn)
 c - a +0 kite shield (worn)
 k - a +0 pair of boots (worn)
Jewellery
 e - a +4 ring of evasion (left hand)
Scrolls
 j - a scroll of immolation
Potions
 d - a potion of might
 g - a potion of resistance
 h - a potion of berserk rage {unknown}
 i - 3 potions of curing


   Skills:
 + Level 4.3 Fighting
 * Level 4.3 Staves
 - Level 3.2 Armour
 - Level 3.6 Shields


You had 4 spell levels left.
You didn't know any spells.
Your spell library was empty.

Dungeon Overview and Level Annotations

Branches:
Dungeon (3/15)

Altars:


Innate Abilities, Weirdness & Mutations

You cannot be hasted, slowed, berserked, paralysed or teleported.
You can dig through walls and to a lower floor.
You have a pair of large antennae on your head. (SInv)
Your four strong arms can wield two-handed weapons with a shield.


Message History

You dig through the rock wall.
You dig through the rock wall.
The rat closely misses you.
You sock the rat!
You kill the rat!
The orc closely misses you.
You barely miss the orc priest. You block the orc wizard's attack.
The orc barely misses you. You block the orc priest's attack.
You sock the orc priest!
The orc priest is severely wounded.
The orc wizard closely misses you. The orc misses you.
You block the orc priest's attack. The orc wizard barely misses you.
You closely miss the orc priest.
The orc priest is severely wounded.
The orc hits you from afar with a +0 trident.
The orc priest barely misses you. The orc wizard misses you.
The orc closely misses you.
You completely miss the orc priest.
The orc priest is severely wounded.
The orc priest invokes the aid of Beogh against you.
Pain shoots through your body!
The orc wizard hits you but does no damage.
You block the orc's attack.
The orc priest hits you but does no damage.
You hit the orc priest.
The orc priest is severely wounded.
You block the orc wizard's attack. You block the orc's attack.
The orc priest invokes the aid of Beogh against you.
Pain shoots through your body! The orc wizard barely misses you.
You barely miss the orc priest.
The orc priest is severely wounded.
The orc closely misses you. You block the orc priest's attack.
You block the orc wizard's attack.
You barely miss the orc priest.
The orc priest is severely wounded.
The orc hits you from afar with a +0 trident!
* * * LOW HITPOINT WARNING * * *
The orc priest mumbles some strange prayers to Beogh against you.
Beogh smites you!
You die...

..# #.# . #.# { ...# #.#
...# #.#######..# ...#
#..........#
...#######.##########
...#.............o..#
...#.......#####@#..
...#.......####o###.#.##
.....#####.....o.).o....
...##.#.###########.#.#.
...###)## ...# ###
.....#.# ...# ........
...# .#...... ...#
........


You could see an orc priest, an orc wizard (invisible) and an orc.

Vanquished Creatures
  2 orc priests (D:3)
  An adder (D:2)
  A worm (D:2)
  A dart slug (D:1)
  4 orcs (D:3)
  7 endoplasms
  2 giant cockroaches
  6 goblins
  A hobgoblin (D:1)
  7 kobolds
  A quokka (D:1)
  A ball python (D:2)
  4 bats
  7 frilled lizards (D:1)
  2 rats
47 creatures vanquished.

Notes
Turn   | Place    | Note
-------+----------+-------------------------------------------
     0 | D:1      | Delamore the Formicid Fighter began the quest for the Orb.
     0 | D:1      | Reached XP level 1. HP: 18/18 MP: 1/1
   178 | D:1      | Reached XP level 2. HP: 22/24 MP: 2/2
   664 | D:1      | Reached XP level 3. HP: 28/30 MP: 3/3
   701 | D:1      | Found a faded altar of an unknown god.
  1934 | D:3      | Reached XP level 4. HP: 29/37 MP: 4/4
  2501 | D:3      | Reached XP level 5. HP: 33/43 MP: 5/5
  2511 | D:3      | Killed from afar by an orc priest

Illustrated notes

Levels and vault maps discovered:
D:1:      erik_arrival_triangle_medium, layout_basic,
          ebering_ecumenical_altar_rust, minmay_lizard_pond
D:2:      layout_rooms
D:3:      layout_basic, serial_shops, nicolae_shop_competitors_out_of_business,
          serial_co_window_serial, co_window_paths_a, co_window_paths_a,
          co_window_of_opportunity_a, co_window_corner_a, co_window_paths_a,
          co_window_broadway_c, co_window_corner_ca, co_window_broadway_b,
          co_window_broadway_a, co_window_cross_3, co_window_corner_b,
          co_window_paths_d, glass_columns_a, glass_columns_a

Skill      XL: |  1  2  3  4 |
---------------+-------------+-----
Staves         | 3 4 |  4.3
Fighting       | 4 |  4.3
Armour         | |  3.2
Shields        | |  3.6

Action                   |  1- 3 |  4- 6 || total
-------------------------+-------+-------++-------
Melee: Quarterstaff      |   130 |    61 ||   191
 Abil: Dig               |       |     3 ||     3
  Use: Scroll            |     4 |       ||     4
Armor: Scale mail        |    54 |    18 ||    72
Dodge: Dodged            |    70 |    37 ||   107
Block: Kite shield       |    72 |    42 ||   114

Table legend: (Time is in decaauts)
 A = Elapsed time spent in this place.
 B = Non-inter-level travel time spent in this place.
 C = Inter-level travel time spent in this place.
 D = Time resting spent in this place.
 E = Time spent auto-exploring this place.
 F = Levels seen in this place.
 G = Mean time per level.
                   A        B        C        D        E       F      G
               +--------+--------+--------+--------+--------+-----+--------+
         Total |   2575 |   2495 |     80 |    286 |   1772 |   3 |  858.3 |
       Dungeon |   2575 |   2495 |     80 |    286 |   1772 |   3 |  858.3 |
               +--------+--------+--------+--------+--------+-----+--------+

Top non-repeatable levels by time:
     D:1: 972 daAuts
     D:2: 961 daAuts
     D:3: 641 daAuts
